 Dungeon Crawl Stone Soup version 0.21-a0-150-gc243083 (webtiles) character file.

6533 Starchild the Transmogrifier (level 10, 0/71 HPs)
             Began as a Yellow Draconian Transmuter on July 26, 2017.
             Was an Initiate of Ru.
             Slain by an elephant (1 damage)
             ... on level 10 of the Dungeon.
             The game lasted 01:04:07 (10070 turns).

Starchild the Transmogrifier (DrTm)                Turns: 10070, Time: 01:04:08

Health: 0/71       AC: 12    Str: 16    XL:     10   Next: 69%
Magic:  9/17       EV: 12    Int: 20    God:    Ru [......]
Gold:   469        SH:  0    Dex: 13    Spells: 1/19 levels left

rFire    . . .     SeeInvis .     - Unarmed
rCold    . . .     Gourm    .   (no shield)
rNeg     . . .     Faith    .   (armour unavailable)
rPois    .         Spirit   .   (helmet restricted)
rElec    .         Reflect  .   y - +0 cloak
rCorr    +         Harm     .   g - +0 pair of gloves
MR       +....                  G - +2 pair of boots
Stlth    +.........             f - amulet of regeneration
HPRegen  0.61/turn              p - ring of protection from magic
MPRegen  0.15/turn              N - +4 ring of strength

@: about to teleport, slowed, very slow
A: spit acid, acid resistance, unfitting armour, agile 1, blurry vision 1,
clever 1, cold-blooded, AC +7
a: Breathe Acid, Renounce Religion


You were on level 10 of the Dungeon.
You worshipped Ru.
Ru was noncommittal.
You were not hungry.

You visited 2 branches of the dungeon, and saw 11 of its levels.

You collected 469 gold pieces.

Inventory:

Missiles
 a - 166 arrows
 d - 216 stones
 u - 14 tomahawks (quivered)
 D - 4 tomahawks of returning
Armour
 g - a +0 pair of gloves (worn)
 l - a +0 shield
 y - a +0 cloak (worn)
 G - a +2 pair of boots (worn)
Jewellery
 f - an amulet of regeneration (around neck)
 i - an uncursed amulet of guardian spirit {unknown}
 p - a ring of protection from magic (left hand)
 t - a +2 ring of dexterity
 J - a cursed amulet of inaccuracy
 N - a +4 ring of strength (right hand)
Wands
 K - a wand of digging (7/24)
 P - a wand of flame (15/48)
 R - a wand of iceblast (7/15)
Scrolls
 k - 4 scrolls of magic mapping
 s - 4 scrolls of remove curse
 A - 2 scrolls of teleportation
 B - a scroll of fear
 F - 2 scrolls of fog {unknown}
 H - a scroll of identify
 L - 2 scrolls of amnesia {unknown}
 M - a scroll of recharging {unknown}
Potions
 e - 3 potions of cancellation {unknown}
 j - 8 potions of curing
 m - a potion of mutation {unknown}
 n - 2 potions of degeneration {unknown}
 r - a potion of resistance {unknown}
 w - 2 potions of heal wounds
 z - a potion of agility {unknown}
 C - a potion of lignification {unknown}
 E - 3 potions of flight {unknown}
 I - 3 potions of might
Books
 b - a book of Changes

   Spells                             Type                      Level
   a - Beastly Appendage              Transmutation                1
   b - Sticks to Snakes               Transmutation                2
   c - Spider Form                    Transmutation/Poison         3
   d - Ice Form                       Ice/Transmutation            4
   e - Blade Hands                    Transmutation                5
 q - a book of Cantrips

   Spells                             Type                      Level
   a - Confusing Touch                Hexes                        1
   b - Animate Skeleton               Necromancy                   1
   c - Summon Small Mammal            Summoning                    1
   d - Apportation                    Translocation                1
 O - a book of Minor Magic

   Spells                             Type                      Level
   a - Magic Dart                     Conjuration                  1
   b - Blink                          Translocation                2
   c - Call Imp                       Summoning                    2
   d - Slow                           Hexes                        2
   e - Conjure Flame                  Conjuration/Fire             3
   f - Mephitic Cloud                 Conjuration/Poison/Air       3
 Q - a book of Enchantments

   Spells                             Type                      Level
   a - Cause Fear                     Hexes                        4
   b - Yara's Violent Unravelling     Hexes/Transmutation          5
   c - Silence                        Hexes/Air                    5
   d - Deflect Missiles               Charms/Air                   6
   e - Discord                        Hexes                        8
Comestibles
 c - 8 bread rations
 o - 4 meat rations
 v - 11 royal jellies
 x - a fruit


   Skills:
 - Level 1.1 Fighting
 - Level 1.7 Dodging
 - Level 3.0 Unarmed Combat
 - Level 5.1 Spellcasting
 + Level 1.6 Hexes
 - Level 4.7 Translocations
 - Level 14.0 Transmutations


You had one spell level left.
You knew the following spells:

 Your Spells              Type           Power        Failure   Level  Hunger
a - Beastly Appendage     Tmut           ######       1%          1    None
b - Sticks to Snakes      Tmut           ######..     1%          2    None
c - Spider Form           Tmut/Pois      ####......   1%          3    ##.....
d - Blade Hands           Tmut           ######....   1%          5    #####..
e - Ice Form              Ice/Tmut       ####....     6%          4    ####...
f - Confusing Touch       Hex            ##....       6%          1    None
g - Blink                 Tloc           N/A          2%          2    None


Dungeon Overview and Level Annotations

Branches:
Dungeon (10/15)            Temple (1/1) D:4            Lair (0/6) D:10
    Orc: D:9-12

Altars:
Ashenzari
Cheibriados
Dithmenos
Elyvilon
Fedhas
Gozag
Hepliaklqana
Kikubaaqudgha
Makhleb
Nemelex Xobeh
Okawaru
Qazlal
Ru
Sif Muna
Trog
Uskayaw
Vehumet
Wu Jian
Xom
Yredelemnul
Zin
The Shining One

Shops:
D:5 *

Annotations:
D:2 Terence


Innate Abilities, Weirdness & Mutations

You can spit globs of acid.
You are resistant to acid.
Your golden yellow scales are hard. (AC +7)
You cannot fit into any form of body armour.
You are cold-blooded and may be slowed by cold attacks.
You are agile. (Dex +2)
Scrolls take you a little longer to read.
Your mind is acute. (Int +2)


Message History

You blink.
Really read with blurry vision while enemies are nearby? [Y]es or [N]o only, please.
Really read with blurry vision while enemies are nearby?
You begin reading the scroll.
You continue reading the scroll.
The death yak gores you!
* * * LOW HITPOINT WARNING * * *
The wraith hits you!
* * * LOW HITPOINT WARNING * * *
The wraith drains your vigour!
You feel as though you will be slow longer.
As you read the scroll of teleportation, it crumbles to dust.
You feel strangely unstable.
You feel much better. The death yak gores you!!
* * * LOW HITPOINT WARNING * * *
The elephant closely misses you. The elephant barely misses you.
The wraith closely misses you. The death yak gores you.
* * * LOW HITPOINT WARNING * * *
The elephant closely misses you. The elephant trunk-slaps you.
You die...

.....# #.....# #.....#
#.....# ###...).#
#.......####
+..........#
########Y.....?...######
.......@Y.>..(...†'.....
#.......W.........#####.
#..#.#..#+######### #. #
# #### #. #. #. #. #. #.


You could see a death yak, an elephant and a wraith.

Vanquished Creatures
  Pikel (D:7)
  The ghost of Syneil the Digger, a novice GrEE (D:6)
  A queen bee (D:9)
  Prince Ribbit (D:7)
  2 trolls (D:9)
  A hippogriff (D:10)
  A hungry ghost (D:7)
  Duvessa (D:7)
  An orc warrior (D:9)
  A slave (D:7)
  3 phantoms
  2 sky beasts
  3 black bears
  5 ogres
  3 centaurs
  2 bullfrogs
  4 scorpions
  A water moccasin skeleton (D:6)
  A wyvern skeleton (D:7)
  Dowan (D:7)
  18 killer bees
  2 howler monkeys
  4 wights (D:6)
  5 crimson imps
  A bullfrog zombie (D:7)
  2 hounds
  3 orc priests
  Crazy Yiuf (D:3)
  A centaur skeleton (D:4)
  8 orc wizards
  An iguana (D:9)
  Natasha (twice) (D:2)
  5 worker ants
  A hound skeleton (D:10)
  2 hound zombies
  A worker ant zombie (D:7)
  15 adders
  2 shadow imps (D:6)
  3 adder zombies (D:8)
  An adder skeleton (D:5)
  3 dart slugs
  7 leopard geckos
  15 orcs
  2 ball pythons
  4 giant cockroaches
  10 goblins
  8 hobgoblins
  9 jackals
  3 quokkas
  8 bats
  9 frilled lizards
  A giant cockroach zombie (D:6)
  A jackal skeleton (D:4)
  7 kobolds
  A leopard gecko skeleton (D:5)
  A quokka skeleton (D:5)
  A quokka zombie (D:9)
  9 rats
  A fungus (D:3)
214 creatures vanquished.

Vanquished Creatures (collateral kills)
  A hungry ghost (D:7)
  A slave (D:7)
  An ogre (D:4)
  A phantom (D:4)
  A centaur (D:7)
  8 killer bees
  Natasha (D:2)
  A bat (D:2)
  A frilled lizard (D:2)
16 creatures vanquished.

Vanquished Creatures (others)
  2 slaves
  A fungus (D:10)
3 creatures vanquished.

Grand Total: 233 creatures vanquished

Notes
Turn   | Place    | Note
-------+----------+-------------------------------------------
     0 | D:1      | Starchild the Draconian Transmuter began the quest for the Orb.
     0 | D:1      | Reached XP level 1. HP: 16/16 MP: 3/3
   272 | D:1      | Reached XP level 2. HP: 7/23 MP: 3/5
   588 | D:1      | Reached skill level 3 in Transmutations
   649 | D:1      | Learned a level 2 spell: Sticks to Snakes
  1213 | D:1      | Reached XP level 3. HP: 25/28 MP: 4/6
  1231 | D:1      | Learned a level 3 spell: Spider Form
  1582 | D:2      | Reached skill level 4 in Transmutations
  1596 | D:2      | Found a faded altar of an unknown god.
  1874 | D:2      | Noticed Natasha
  2106 | D:2      | Noticed Terence
  2226 | D:2      | Reached XP level 4. HP: 35/35 MP: 5/7
  2243 | D:2      | Killed Natasha
  2281 | D:2      | Noticed Natasha
  2303 | D:2      | Killed Natasha
  2303 | D:2      | Reached skill level 5 in Transmutations
  2362 | D:2      | Noticed Natasha
  2373 | D:2      | Killed Natasha
  2514 | D:3      | Reached XP level 5. HP: 40/40 MP: 8/8
  3075 | D:3      | Found a runed door.
  3080 | D:3      | Noticed Crazy Yiuf
  3103 | D:3      | Killed Crazy Yiuf
  3228 | D:4      | Reached skill level 6 in Transmutations
  3300 | D:4      | Reached XP level 6. HP: 39/47 MP: 6/9
  3342 | D:4      | Noticed a sky beast
  3350 | D:4      | Killed a sky beast
  3350 | D:4      | Reached skill level 7 in Transmutations
  3426 | D:4      | Found a staircase to the Ecumenical Temple.
  3435 | Temple   | Entered the Ecumenical Temple
  3562 | D:4      | Your scales start taking on a golden yellow colour.
  3562 | D:4      | Reached XP level 7. HP: 43/52 MP: 6/10
  3841 | D:4      | Reached skill level 8 in Transmutations
  4128 | D:5      | Entered Level 5 of the Dungeon
  4394 | D:5      | Reached skill level 9 in Transmutations
  4564 | D:5      | Found Zin's Purification Station.
  4564 | D:5      | Found a glowing silver altar of Zin.
  4616 | D:5      | Reached XP level 8. HP: 59/59 MP: 8/11
  5032 | D:6      | Reached skill level 10 in Transmutations
  5083 | D:6      | Learned a level 5 spell: Blade Hands
  5381 | D:6      | Noticed Syneil's ghost (novice GrEE)
  5539 | D:6      | Reached skill level 11 in Transmutations
  5568 | D:6      | Killed Syneil's ghost
  5568 | D:6      | Reached XP level 9. HP: 58/64 MP: 6/12
  5741 | D:6      | Reached skill level 12 in Transmutations
  5858 | D:6      | Found an ornate altar of the Wu Jian Council.
  5973 | D:7      | Noticed Pikel
  5993 | D:7      | Killed Pikel
  6229 | D:7      | Reached skill level 13 in Transmutations
  6515 | D:7      | Noticed Dowan
  6516 | D:7      | Noticed Duvessa
  6557 | D:7      | Killed Dowan
  6587 | D:7      | Killed Duvessa
  6608 | D:7      | Noticed Prince Ribbit
  6631 | D:7      | Killed Prince Ribbit
  6849 | D:7      | Reached XP level 10. HP: 51/71 MP: 7/13
  7204 | D:8      | Reached skill level 14 in Transmutations
  8051 | D:8      | Found an ancient bone altar of Kikubaaqudgha.
  8099 | D:8      | Found a hide-covered altar of Uskayaw.
  8099 | D:8      | Found a sacrificial altar of Ru.
  8099 | D:8      | Found a shadowy altar of Dithmenos.
  8099 | D:8      | Found an iron altar of Okawaru.
  8105 | D:8      | Found a burning altar of Makhleb.
  8435 | D:9      | Gained mutation: Your muscles are strong. (Str +2) [mutagenic meat]
  8436 | D:9      | Gained mutation: You are agile. (Dex +2) [mutagenic meat]
  8437 | D:9      | Gained mutation: Your mind is acute. (Int +2) [mutagenic meat]
  8650 | D:9      | Lost mutation: Your muscles are strong. (Str +2) [mutagenic meat]
  8651 | D:9      | Gained mutation: Scrolls take you a little longer to read. [mutagenic meat]
  8758 | D:9      | Reached skill level 5 in Spellcasting
  8813 | D:9      | Learned a level 4 spell: Ice Form
  8815 | D:9      | Learned a level 1 spell: Confusing Touch
  8818 | D:9      | Learned a level 2 spell: Blink
  8996 | D:9      | Reached skill level 1 in Translocations
  9846 | D:8      | Became a worshipper of Ru the Awakened
  9941 | D:10     | Entered Level 10 of the Dungeon
  9946 | D:10     | Reached skill level 1 in Hexes
 10010 | D:10     | Found a staircase to the Lair.
 10010 | D:10     | Noticed a death yak
 10010 | D:10     | Noticed an elephant
 10069 | D:10     | HP: 1/71 [wraith (8)]
 10070 | D:10     | Slain by an elephant

Vault maps used:
D:1:      dpeg_arrival_rooms_with_view
D:2:      chequers_ecumenical_altar_simple, uniq_natasha, uniq_terence
D:3:      uniq_crazy_yiuf_cottage
D:4:      minmay_temple_entry_large_hall, first_bread
D:5:      zin_purify
D:6:      overflow_temple_1_default, palyth_stone_intersect
D:7:      grunt_ogre_cave, uniq_pikel, uniq_duvessa, uniq_prince_ribbit1
D:8:      minitemple, nrook_mini_vaults
D:9:      special_room
D:10:     david_lair_generic, interstate_on_off
Temple:   eino_temple_water

Skill      XL: |  1  2  3  4  5  6  7  8  9 10 |
---------------+-------------------------------+-----
Transmutations | 3 4 5 6 7 9 11 13 14 | 14.0
Spellcasting   | 5 |  5.1
Translocations | 4 |  4.7
Hexes          | 1 |  1.6
Fighting       | |  1.1
Dodging        | |  1.7
Unarmed Combat | |  3.0

Action                   |  1- 3 |  4- 6 |  7- 9 | 10-12 || total
-------------------------+-------+-------+-------+-------++-------
Melee: Unarmed           |   142 |   159 |   347 |   217 ||   865
       Tailslap          |     8 |     8 |    33 |    19 ||    68
       Headbutt          |     3 |     6 |    10 |     5 ||    24
       Kick              |     3 |    11 |       |       ||    14
       Punch             |       |       |     2 |     1 ||     3
Throw: Tomahawk          |       |       |    16 |     6 ||    22
       Stone             |       |       |     2 |       ||     2
 Cast: Beastly Appendage |    24 |    15 |    18 |     7 ||    64
       Spider Form       |     1 |    12 |    12 |     4 ||    29
       Sticks to Snakes  |       |     6 |     3 |    18 ||    27
       Blade Hands       |       |       |    15 |    23 ||    38
       Blink             |       |       |       |     4 ||     4
       Ice Form          |       |       |       |     1 ||     1
 Abil: Breathe Acid      |       |       |     4 |     1 ||     5
       End Transformatio |       |       |     1 |     3 ||     4
Evoke: Wand              |       |       |       |     2 ||     2
  Use: Scroll            |     5 |     3 |     2 |     4 ||    14
       Potion            |       |       |       |     3 ||     3
 Stab: Sleeping          |     1 |     1 |       |       ||     2
  Eat: Chunk             |     5 |     7 |    19 |    15 ||    46
       Fruit             |       |       |     3 |     1 ||     4
       Royal jelly       |       |       |       |     2 ||     2
       Bread ration      |       |       |       |     1 ||     1
Armor: Skin              |    61 |    44 |    90 |   106 ||   301
Dodge: Dodged            |    79 |   103 |   222 |   161 ||   565
Block: Shield            |    15 |     7 |       |       ||    22
